AoeStats
← Green Assassin

Pilgrims

507037899Analyzed
4v4 RM · 14d ago on Sep 16, 2026· 40m 16s· 8 players
Game mode
Random Map
Map size
Large (8 player)
Population
200
Speed
Normal
Resources
Standard
Victory
Conquest
Starting age
Dark Age
Ending age
Imperial Age
RankedLock teamsTeams togetherTeam positionsShared explorationLock speedFull tech treeHidden civsTurbo modeCheats
Victory
Defeat
🇨🇳 Persians · China
1191
+13
🇩🇪 Saracens · Germany
1170
+14
🇨🇳 Turks · China
1168
+14
🇨🇳 Khitans · China
1130
+15
🇩🇪 Vietnamese · Germany
1152
-15
🇨🇳 Byzantines · China
1137
-15
🇧🇷 Britons · Brazil
1106
-13
🇹🇼 Magyars · Taiwan
1090
-13
Coffee Break Golden
K_o_n_d_o_m
9:27 Loom
12:38 Feudal Age
13:28 Double-Bit Axe
22:34 Castle Age
5A
4:29 Loom
12:35 Feudal Age
17:55 Castle Age
16:31 Double-Bit Axe
16:39 Gold Mining
18:00 Padded Archer Armor
涛哥
12:23 Feudal Age
17:11 Castle Age
15:59 Double-Bit Axe
19:23 Thumb Ring
18:38 Crossbowman
21:18 Husbandry
23:14 Bow Saw
28:23 Wheelbarrow
27:41 Loom
40:36 Imperial Age
Green Assassin
3:51 Loom
13:00 Feudal Age
13:12 Man-at-Arms
13:39 Arson
15:58 Fletching
20:14 Castle Age
18:33 Gold Mining
18:31 Double-Bit Axe
21:11 Medium Warships
21:01 Bodkin Arrow
22:27 Forging
26:46 Iron Casting
27:32 Bloodlines
27:23 Husbandry
27:52 Horse Collar
31:16 Gold Shaft Mining
31:53 Fishing Lines
32:53 Wheelbarrow
32:42 Caravan
37:07 Imperial Age
37:10 Bow Saw
37:55 Bracer
39:02 Chemistry
39:29 Heavy Warships
40:05 Elite Mameluke
41:06 Conscription
40:58 Scale Barding Armor
kobeman
axjhbl90
5:21 Loom
12:18 Feudal Age
13:38 Wheelbarrow
12:51 Double-Bit Axe
13:29 Fishing Lines
15:22 Bloodlines
17:44 Castle Age
18:04 Gillnets
18:35 Scale Barding Armor
18:41 Forging
20:41 Chain Barding Armor
20:50 Light Cavalry
22:45 Iron Casting
25:27 Gold Mining
30:31 Gold Shaft Mining
30:07 Bow Saw
30:34 Hand Cart
31:15 Town Watch
31:54 Town Patrol
35:36 Imperial Age
35:22 Capped Ram
36:26 Conscription
36:45 Plate Barding Armor
37:11 Blast Furnace
36:14 Husbandry
35:36 Cavalier
36:15 Siege Ram
holungb
12:04 Feudal Age
10:22 Loom
15:42 Fishing Lines
16:54 Wheelbarrow
20:37 Double-Bit Axe
22:57 Castle Age
23:58 Bloodlines
25:30 Bow Saw
31:53 Town Watch
37:32 Imperial Age
35:20 Hand Cart
35:24 Gillnets
38:08 Fletching
38:18 Padded Archer Armor
39:26 Two-Man Saw
37:54 Heavy Cavalry Archer
39:18 Parthian Tactics
39:46 Ballistics
39:47 Thumb Ring
Connection lost

Rejoining the realm…

Still unreachable

The connection could not be restored.

Session expired

The server has moved on; the page needs a fresh start.